 Dungeon Crawl Stone Soup version 0.27.0-1-g7a089689b8 (webtiles) character file.

Game seed: 12623166000636392614

138 dtburroughs the Chopper (level 5, -7/47 HPs)
             Began as a Minotaur Berserker on Aug 8, 2021.
             Was a Believer of Trog.
             Killed from afar by Ijyb (22 damage)
             ... with a bolt of acid
             ... on level 3 of the Dungeon on Aug 9, 2021.
             The game lasted 00:02:57 (2821 turns).

dtburroughs the Chopper (Minotaur Berserker)        Turns: 2821, Time: 00:02:58

Health: -7/47      AC:  1    Str: 21    XL:     5   Next: 1%
Magic:  4/4        EV: 11    Int:  5    God:    Trog [**....]
Gold:   115        SH:  0    Dex: 10    Spells: 4/4 levels left

rFire    . . .     SeeInvis .   a - +0 hand axe
rCold    . . .     Faith    .   (no shield)
rNeg     . . .     Spirit   .   o - +0 ring mail
rPois    .         Reflect  .   (helmet restricted)
rElec    .         Harm     .   (no cloak)
rCorr    .         Rampage  .   (no gloves)
Will     .....                  (no boots)
Stlth    ..........             (no amulet)
HPRegen  0.15/turn              (no ring)
MPRegen  0.09/turn              (no ring)

@: corroded
A: horns 2, retaliatory headbutt
a: Renounce Religion, Berserk, Trog's Hand


You were on level 3 of the Dungeon.
You worshipped Trog.
Trog was pleased with you.
You visited 1 branch of the dungeon, and saw 3 of its levels.

You collected 115 gold pieces.

Inventory:

Hand Weapons
 a - a +0 hand axe (weapon)
Armour
 b - a +0 animal skin
 o - a +0 ring mail (worn)
Scrolls
 d - a scroll of teleportation {unknown}
 e - a scroll of fog {unknown}
 h - a scroll of identify {unknown}
 i - a scroll of fear {unknown}
 k - a scroll of noise {unknown}
Potions
 c - a potion of flight {unknown}
 f - a potion of cancellation {unknown}
 g - a potion of mutation {unknown}
 j - a potion of heal wounds {unknown}
 l - a potion of resistance {unknown}
 m - 3 potions of curing {unknown}
 n - a potion of haste {unknown}


   Skills:
 + Level 4.7 Fighting
 + Level 4.7 Axes
 + Level 3.7 Armour
 + Level 3.3 Dodging


You had 4 spell levels left.
You didn't know any spells.
Your spell library was empty.

Dungeon Overview and Level Annotations

Branches:
Dungeon (3/15)

Altars:
Sif Muna

Annotations:
D:3 Ijyb


Innate Abilities, Weirdness & Mutations

You have a pair of horns on your head.
You reflexively headbutt those who attack you in melee.


Message History

You slash the jackal!
You kill the jackal!
Trog accepts your kill.
You barely miss the rat. The rat bites you but does no damage.
Things that are here:
a jackal corpse; a jackal corpse A rat comes into view.
There is a stone staircase leading up here.
You hit the rat.
You kill the rat!
Trog accepts your kill. The rat misses you. You furiously retaliate!
You headbutt the rat.
You kill the rat!
Trog accepts your kill.
Things that are here:
a rat corpse; a jackal corpse; a jackal corpse You start resting.
HP restored.
An adder comes into view.
The adder hisses angrily.
You see here 13 gold pieces.
You now have 115 gold pieces (gained 13).
You barely miss the adder. You headbutt the adder!
The adder is severely wounded.
The adder barely misses you.
You closely miss the adder.
The adder is severely wounded.
The adder closely misses you. You furiously retaliate!
You headbutt the adder!
You kill the adder!
Trog accepts your kill.
You have reached level 5!
Found a stone staircase leading down.
You see here an adder corpse.
Found an escape hatch in the floor.
Found a barding.
Ijyb the Twisted Goblin comes into view.
She is wielding a +0 dagger and carrying a wand of acid (10).
Ijyb zaps a wand.
The bolt of acid hits you! The acid corrodes you!
You are splashed with acid!
Ijyb zaps a wand.
The bolt of acid hits you!!
You die...

# # #. #.# #.####
..#. #.##.###.#####.#
#...##.....†........#
#.......#.###.......^
###.......# #..###.##
#. #.......### #....
# #..#.....#.#
##..... .......>##.#
.....# #>......@..#
.....# #######g####
#...## #.# ...#
####.####
#.......######
#.##..........
.......#.......
..##.####.#..g[.. . #
.#######


You could see Ijyb.

Vanquished Creatures
  4 gnolls
  3 adders
  3 worms (D:2)
  4 dart slugs
  9 endoplasms
  2 giant cockroaches (D:1)
  2 goblins
  4 hobgoblins
  7 jackals
  A quokka (D:1)
  3 ball pythons
  5 bats
  2 frilled lizards
  2 kobolds
  9 rats
60 creatures vanquished.

Notes
Turn   | Place    | Note
-------+----------+-------------------------------------------
     0 | D:1      | dtburroughs the Minotaur Berserker began the quest for the
                  | Orb.
     0 | D:1      | Reached XP level 1. HP: 19/19 MP: 0/0
    40 | D:1      | Reached XP level 2. HP: 15/27 MP: 1/1
   640 | D:1      | Reached XP level 3. HP: 32/33 MP: 2/2
   688 | D:1      | Reached ** piety under Trog
  1323 | D:2      | Reached XP level 4. HP: 11/41 MP: 3/3
  1902 | D:2      | Found a shimmering blue altar of Sif Muna.
  2792 | D:3      | Reached XP level 5. HP: 47/47 MP: 4/4
  2809 | D:3      | Noticed Ijyb
  2821 | D:3      | Killed from afar by Ijyb

Illustrated notes

Levels and vault maps discovered:
D:1:      lightli_arrival_statuegarden, layout_basic
D:2:      layout_basic, basic_altar
D:3:      layout_loops_cross, nicolae_uskayaw_en_pointe,
          nicolae_dithmenos_shadow_blocks, mainiacjoe_overflow_alcove_4,
          shapermc_ecumenical_altar_pompeii, uniq_ijyb

Skill      XL: |  1  2  3 |
---------------+----------+-----
Fighting       | 4 |  4.7
Axes           | 4 |  4.7
Armour         | 3 |  3.7
Dodging        | 3 |  3.3

Action                   |  1- 3 |  4- 6 || total
-------------------------+-------+-------++-------
Melee: Hand axe          |    68 |    52 ||   120
       Headbutt          |    13 |     9 ||    22
Armor: Animal skin       |    19 |     5 ||    24
       Ring mail         |       |     9 ||     9
Dodge: Dodged            |    61 |    29 ||    90
